 Dungeon Crawl Stone Soup version 0.23.2-1-ga50397a (console) character file.

Game seed: 6746192373347373368

65 fly the Charmwright (level 4, -2/33 HPs)
             Began as a Human Skald on Apr 27, 2019.
             Slain by a gnoll
             ... wielding a +0 spear
              (4 damage)
             ... on level 2 of the Dungeon.
             The game lasted 00:02:43 (1488 turns).

fly the Charmwright (Human Skald)                   Turns: 1488, Time: 00:02:44

Health: -2/33      AC:  3    Str: 11    XL:     4   Next: 35%
Magic:  4/7        EV: 12    Int: 14    God:
Gold:   83         SH:  0    Dex: 13    Spells: 6/7 levels left

rFire    . . .     SeeInvis .   a - +0 falchion
rCold    . . .     Gourm    .   (no shield)
rNeg     . . .     Faith    .   y - +0 leather armour
rPois    .         Spirit   .   (no helmet)
rElec    .         Reflect  .   (no cloak)
rCorr    .         Harm     .   (no gloves)
MR       .....                  (no boots)
Stlth    +.........             (no amulet)
HPRegen  0.11/turn              (no ring)
MPRegen  0.10/turn              (no ring)

@: infused (expiring)
A: no striking features
a: no special abilities


You were on level 2 of the Dungeon.
You were not hungry.

You visited 1 branch of the dungeon, and saw 2 of its levels.

You collected 83 gold pieces.

Inventory:

Hand Weapons
 a - a +0 falchion (weapon)
Armour
 y - a +0 leather armour (worn)
Scrolls
 c - a scroll of teleportation {unknown}
 f - 4 scrolls of identify {unknown}
 h - a scroll of amnesia {unknown}
 i - a scroll of blinking {unknown}
Potions
 b - a potion of mutation {unknown}
 e - 2 potions of might {unknown}
Comestibles
 d - 3 rations


   Skills:
 - Level 2.1 Fighting
 + Level 3.0 Long Blades
 - Level 1.1 Armour
 + Level 3.0 Dodging
 - Level 2.0 Spellcasting
 - Level 3.2 Charms


You had 6 spell levels left.
You knew the following spells:

 Your Spells              Type           Power        Failure   Level  Hunger
z - Infusion              Chrm           ##..         9%          1    ##.....

Your spell library contained the following spells:

 Spells                   Type           Power        Failure   Level  Hunger
 Song of Slaying          Chrm           ##......     12%         2    ###....
 Shroud of Golubria       Chrm/Tloc      #.........   24%         2    ###....
 Regeneration             Chrm/Necr      #.........   43%         3    ####...
 Spectral Weapon          Hex/Chrm       #.......     43%         3    ####...


Dungeon Overview and Level Annotations

Branches:
Dungeon (2/15)

Altars:


Message History

The gnoll is moderately wounded.
The gnoll hits you.
The gnoll shouts!
You hit the gnoll!
You kill the gnoll!
Your Long Blades skill increases to level 3!
Your Dodging skill increases to level 3!
The gnoll hits you from afar with a +0 spear.
Your magical infusion is running out.
You barely miss the gnoll. The gnoll hits you with a +0 spear!
* * * LOW HITPOINT WARNING * * *
The gnoll hits you with a +0 spear.
* * * LOW HITPOINT WARNING * * *
You closely miss the gnoll. The gnoll hits you with a +0 spear.
* * * LOW HITPOINT WARNING * * *
You hit the gnoll.
The gnoll is moderately wounded.
The gnoll barely misses you.
The gnoll hits you from afar with a +0 spear.
You die...

#......g..# ##)...g..##
#......r..# #.........#
########## #...g.....#
####......... #.........#
#.g†.######..
###[........##..##g..#
#........(.##..##..#......
#.#..........=##@.##......
........#######........###
.###.######......####.##
.#...###....###### .
)..####...### .#
.........## ........######
..............#
......#######..


You could see a gnoll.

Vanquished Creatures
  A gnoll (D:2)
  2 adders (D:2)
  2 worms (D:2)
  A dart slug (D:2)
  5 bats
  2 giant cockroaches
  4 goblins
  2 hobgoblins (D:1)
  4 jackals (D:2)
  3 kobolds
  2 frilled lizards
  4 rats
32 creatures vanquished.

Notes
Turn   | Place    | Note
-------+----------+-------------------------------------------
     0 | D:1      | fly the Human Skald began the quest for the Orb.
     0 | D:1      | Reached XP level 1. HP: 16/16 MP: 3/3
    90 | D:1      | Reached XP level 2. HP: 14/22 MP: 5/5
   721 | D:2      | Reached XP level 3. HP: 16/27 MP: 0/6
  1275 | D:2      | Reached XP level 4. HP: 13/33 MP: 0/7
  1488 | D:2      | Slain by a gnoll

Skill      XL: |  1  2  3  4 |
---------------+-------------+-----
Long Blades    | 3 |  3.0
Dodging        | 3 |  3.0
Fighting       | |  2.1
Armour         | |  1.1
Spellcasting   | |  2.0
Charms         | |  3.2

Action                   |  1- 3 |  4- 6 || total
-------------------------+-------+-------++-------
Melee: Falchion          |   102 |    26 ||   128
 Cast: Infusion          |     6 |     1 ||     7
  Eat: Chunk             |     1 |     1 ||     2
Armor: Leather armour    |    22 |     9 ||    31
Dodge: Dodged            |    78 |    14 ||    92
       Rpst.: Falchion   |    24 |     3 ||    27
